 Dungeon Crawl Stone Soup version 0.21-a0-260-g9b2435e (webtiles) character file.

6 zero the Sneak (level 1, -3/9 HPs)
             Began as a Spriggan Enchanter on Sept 7, 2017.
             Slain by a hobgoblin
             ... wielding a +0 club
              (7 damage)
             ... on level 1 of the Dungeon.
             The game lasted 00:01:27 (471 turns).

zero the Sneak (Spriggan Enchanter)                  Turns: 471, Time: 00:01:27

Health: -3/9       AC:  2    Str:  4    XL:     1   Next: 75%
Magic:  4/5        EV: 18    Int: 16    God:
Gold:   65         SH:  0    Dex: 16    Spells: 5/6 levels left

rFire    . . .     SeeInvis +   g - +4 dagger
rCold    . . .     Gourm    .   (shield restricted)
rNeg     . . .     Faith    .   b - +0 robe
rPois    .         Spirit   .   (helmet restricted)
rElec    .         Reflect  .   (no cloak)
rCorr    .         Harm     .   (gloves unavailable)
MR       .....                  (boots unavailable)
Stlth    +++.......             (no amulet)
HPRegen  0.03/turn              (no ring)
MPRegen  0.09/turn              (no ring)

@: very quick
A: unfitting armour, see invisible, herbivore 3, speed 3, slow metabolism 2
a: no special abilities


You were on level 1 of the Dungeon.
You were not hungry.

You visited 1 branch of the dungeon, and saw 1 of its levels.

You collected 65 gold pieces.

Inventory:

Hand Weapons
 a - a +1 dagger
 g - a +4 dagger (weapon)
Armour
 b - a +0 robe (worn)
Scrolls
 e - a scroll of identify
Potions
 f - a potion of haste
Books
 c - a book of Maledictions

   Spells                             Type                      Level
   a - Corona                         Hexes                        1
   b - Ensorcelled Hibernation        Hexes/Ice                    2
   c - Confuse                        Hexes                        3
   d - Tukima's Dance                 Hexes                        3
   e - Dazzling Spray                 Conjuration/Hexes            3
Comestibles
 d - a bread ration


   Skills:
 + Level 1.5 Short Blades
 - Level 3.0 Dodging
 - Level 4.4 Stealth
 + Level 3.1 Spellcasting
 - Level 3.6 Hexes


You had 5 spell levels left.
You knew the following spells:

 Your Spells              Type           Power        Failure   Level  Hunger
a - Corona                Hex            ##.....      4%          1    #......


Dungeon Overview and Level Annotations

Branches:
Dungeon (1/15)

Altars:


Innate Abilities, Weirdness & Mutations

You are very small and have problems with some larger weapons.
You are too small for most types of armour.
You have supernaturally acute eyesight. (SInv)
You are a herbivore.
You cover ground extremely quickly.
You need consume almost no food.


Message History

You open the door.
There is an open door here.
There is an open door here.
A hobgoblin comes into view. It is wielding a club.
The hobgoblin shouts!
You closely miss the hobgoblin. The hobgoblin hits you with a club.
You closely miss the hobgoblin. You closely miss the hobgoblin.
The hobgoblin misses you.
You closely miss the hobgoblin. The hobgoblin hits you with a club.
You hit the hobgoblin.
The hobgoblin is moderately wounded.
The hobgoblin closely misses you.
Casting: Corona
Confirm with . or Enter, or press ? or * to list all spells.
Aiming: Corona
Press: ? - help, Shift-Dir - straight line, f - hobgoblin
Aim: a hobgoblin, wielding a club (moderately wounded, chance to defeat MR: 68%)
The hobgoblin is outlined in light.
The hobgoblin hits you with a club!
Ouch! That really hurt!
You die...

...##..###...## ##.#
##...#..####..######..#
###.##...###....##..##
#.####...####.#..##
#.....(#.####.#.##############
######.#.....................#
#....########..########.#
##..#+......####......'##
##..#..g@....##........#
##...#...##...##)..##...# #####
#..#.#..# ##..##..####..#
....####.##.#.. ##..##..####..#
###....#.##.#...##...##...##...#
####.#....#..................#
###......##.##.......<........##
.............######..##..######
..###..##...#######..##..######


You could see a hobgoblin.

Vanquished Creatures
  2 goblins (D:1)
  2 hobgoblins (D:1)
  A kobold (D:1)
5 creatures vanquished.

Notes
Turn   | Place    | Note
-------+----------+-------------------------------------------
     0 | D:1      | zero the Spriggan Enchanter began the quest for the Orb.
     0 | D:1      | Reached XP level 1. HP: 9/9 MP: 5/5
   471 | D:1      | Slain by a hobgoblin

Vault maps used:
D:1:      minmay_arrival_four_loops

Skill      XL: |  1 |
---------------+----+-----
Spellcasting   | 3 |  3.1
Short Blades   | |  1.5
Dodging        | |  3.0
Stealth        | |  4.4
Hexes          | |  3.6

Action                   || total
-------------------------++-------
Melee: Dagger            ||    15
 Cast: Corona            ||     3
  Use: Scroll            ||     1
 Stab: Sleeping          ||     2
Dodge: Dodged            ||     8

Table legend:
 A = Spawn XP
 B = Non-spawn XP
 C = Spawn XP percentage of total XP
 D = Spawn monster count
 E = Non-spawn monster count
 F = Spawn count percentage of total count
 G = Total turns spent on level
                    A         B        C        D         E        F      G
               +---------+---------+-------+---------+---------+-------+---------
         Total |       0 |       9 |   0.0 |       0 |       5 |   0.0 |   471
               +---------+---------+-------+---------+---------+-------+---------
           D:1 |       0 |       9 |   0.0 |       0 |       5 |   0.0 |   471
               +---------+---------+-------+---------+---------+-------+---------
